 Dungeon Crawl Stone Soup version 0.19-a0-1875-g4fea3da (webtiles) character file.

674 Ijustatesigmund the Skirmisher (level 7, -1/47 HPs)
             Began as a Gargoyle Monk on Oct 13, 2016.
             Slain by Menkaure (13 damage)
             ... on level 5 of the Dungeon.
             The game lasted 00:12:47 (3245 turns).

Ijustatesigmund the Skirmisher (Gargoyle Monk)      Turns: 3245, Time: 00:12:48

Health: -1/47      AC: 15    Str: 14    XL:     7   Next: 59%
Magic:  7/7        EV: 10    Int: 11    God:
Gold:   101        SH:  0    Dex: 14    Spells: 0 memorised, 6 levels left

rFire  . . .     SeeInvis .     a - +0 mace
rCold  . . .     Gourm    .     n - +0 chain mail
rNeg   + . .     Faith    .     (no shield)
rPois  ∞         Spirit   .     (no helmet)
rElec  +         Dismiss  .     g - +0 cloak
rCorr  .         Reflect  .     (no gloves)
MR     .....     Harm     .     (no boots)
Stlth  .......... Rnd*Tele +    l - amulet of magic regeneration
                                d - ring of teleportation
                                e - +3 ring of evasion

@: starving
A: negative energy resistance 1, electricity resistance, unbreathing,
petrification resistance, rot immunity, AC +4
a: no special abilities


You were on level 5 of the Dungeon.
You were starving.

You visited 1 branch of the dungeon, and saw 6 of its levels.

You collected 101 gold pieces.

Inventory:

Hand Weapons
 a - a +0 mace (weapon)
 o - a +0 hunting sling of freezing
Armour
 g - a +0 cloak (worn)
 n - a +0 chain mail (worn)
 q - a +1 robe of magic resistance
Jewellery
 d - a ring of teleportation (right hand)
 e - a +3 ring of evasion (left hand)
 j - an uncursed ring of poison resistance {unknown}
 l - an amulet of magic regeneration (around neck)
Wands
 i - a wand of digging (3/24)
Scrolls
 h - a scroll of remove curse
 p - a scroll of fog
Potions
 f - a potion of lignification
 k - a potion of cure mutation
 m - a potion of magic
Comestibles
 b - 2 meat rations
 c - 4 bread rations


   Skills:
 + Level 6.8 Fighting
 + Level 5.9 Maces & Flails
 + Level 2.9 Armour
 - Level 2.4 Dodging
 - Level 2.1 Stealth


You had 6 spell levels left.
You didn't know any spells.

Dungeon Overview and Level Annotations

Branches:
Dungeon (6/15)
 Temple: D:4-7

Altars:
Trog
Uskayaw
Xom

Annotations:
D:2 Sigmund
D:3 Grinder
D:5 Menkaure


Innate Abilities, Weirdness & Mutations

You are resistant to torment.
Your stone body is resilient. (AC +4)
You are immune to poison.
You resist negative energy. (rN+)
You are resistant to electric shocks. (rElec)
You can survive without breathing.
You are immune to petrification.
You are immune to rotting.


Message History

Menkaure is heavily damaged.
The adder barely misses you. Menkaure closely misses you.
The adder bites you but does no damage.
You barely miss Menkaure.
Menkaure is heavily damaged.
Menkaure hits you.
* * * LOW HITPOINT WARNING * * *
The adder bites you but does no damage.
You start eating one of the 2 meat rations.
The adder closely misses you.
Menkaure calls on the powers of darkness!
Your body is wracked with pain!
Keep eating?
* * * LOW HITPOINT WARNING * * *
The adder convulses!
The adder bites you but does no damage.
You continue eating.
Menkaure sighs in an indecipherable tongue.
Menkaure hits you but does no damage. The adder bites you but does no damage.
Menkaure hits you!
You die...

#........(.....#####....
#..................#....
#.>................#....
#.......#######....#..##
#.......# #....#..##
#.......# #....#....
.........#####+#....'....
##+###...S#.....#....##'##
#...@#.....'........#
#.###M.....#........#
#.######.....>..#
#.......#+##....#
#.......# #....+
#.......'..#....#
#.......#..#....#
#########..#....# .#....#


You could see Menkaure and an adder.

Vanquished Creatures
  An ice beast (D:5)
  A necrophage (D:5)
  A howler monkey (D:5)
  3 crimson imps
  2 hounds
  A jelly (D:3)
  A bullfrog skeleton (D:5)
  Jessica (D:2)
  Natasha (thrice) (D:2 D:1)
  A killer bee zombie (D:5)
  A hound zombie (D:5)
  4 adders
  A shadow imp (D:6)
  5 worms
  A dart slug (D:4)
  3 leopard geckos
  3 orcs
  4 bats
  4 giant cockroaches
  8 goblins
  6 hobgoblins
  3 jackals
  6 kobolds
  3 quokkas
  3 frilled lizards
  A leopard gecko skeleton (D:5)
  7 rats
78 creatures vanquished.

Notes
Turn   | Place    | Note
-------+----------+-------------------------------------------
     0 | D:1      | Ijustatesigmund the Gargoyle Monk began the quest for the Orb.
     0 | D:1      | Reached XP level 1. HP: 14/14 MP: 1/1
    90 | D:1      | Reached XP level 2. HP: 19/19 MP: 2/2
   595 | D:1      | Reached XP level 3. HP: 24/24 MP: 3/3
   813 | D:2      | Reached skill level 4 in Fighting
   913 | D:2      | Noticed Jessica
   958 | D:2      | Noticed Natasha
   981 | D:2      | Killed Natasha
   981 | D:2      | Reached XP level 4. HP: 7/30 MP: 4/4
  1236 | D:2      | Noticed a dagger
  1236 | D:2      | Noticed a dagger
  1239 | D:2      | Found a hide-covered altar of Uskayaw.
  1309 | D:2      | Killed Jessica
  1414 | D:2      | Noticed Sigmund
  1415 | D:2      | Noticed Natasha
  1439 | D:2      | Reached XP level 5. HP: 24/34 MP: 5/5
  1445 | D:2      | Reached skill level 5 in Fighting
  1455 | D:2      | Found a bloodstained altar of Trog.
  1608 | D:1      | Killed Natasha
  1621 | D:1      | Noticed Natasha
  1882 | D:1      | Killed Natasha
  1971 | D:3      | Noticed Grinder
  2220 | D:4      | Reached XP level 6. HP: 41/41 MP: 6/6
  2272 | D:4      | Noticed an ice beast
  2302 | D:5      | Entered Level 5 of the Dungeon
  2323 | D:5      | Reached skill level 5 in Maces & Flails
  2342 | D:5      | Noticed a necrophage
  2364 | D:5      | Killed a necrophage
  2364 | D:5      | Reached skill level 6 in Fighting
  2424 | D:5      | Noticed an ice beast
  2481 | D:5      | Found a shimmering altar of Xom.
  2820 | D:5      | Reached skill level 1 in Armour
  2835 | D:5      | Reached XP level 7. HP: 34/47 MP: 7/7
  2901 | D:5      | Noticed Menkaure
  3245 | D:5      | Slain by Menkaure

Vault maps used:
D:1:      dpeg_arrival_tiny_c
D:2:      bloody_trog, dancing_weapons_uskayaw, first_bread, grunt_ministairs_7,
          kennysheep_generic_room_11, uniq_jessica, uniq_robin,
          uniq_crazy_yiuf_cottage, uniq_natasha, uniq_sigmund
D:3:      uniq_grinder
D:4:      lemuel_blue_sif_altar
D:5:      tso_metal_star, serial_shops, kennysheep_little_box,
          minmay_fountain_box, xom_teletrap_fun, uniq_menkaure
D:6:      lemuel_doored_altar, marbit_many_paths

Skill      XL: |  1  2  3  4  5  6  7 |
---------------+----------------------+-----
Fighting       | 4 5 6 |  6.8
Maces & Flails | 4 5 |  5.9
Armour         | 1 2 |  2.9
Dodging        | |  2.4
Stealth        | |  2.1

Action                   |  1- 3 |  4- 6 |  7- 9 || total
-------------------------+-------+-------+-------++-------
Melee: Mace              |   128 |   243 |   174 ||   545
Evoke: Wand              |       |     1 |       ||     1
  Use: Scroll            |     5 |     1 |     1 ||     7
       Potion            |     2 |     1 |     1 ||     4
 Stab: Sleeping          |     3 |       |       ||     3
  Eat: Chunk             |       |     2 |       ||     2
       Beef jerky        |       |     2 |       ||     2
       Fruit             |       |     2 |       ||     2
Armor: Robe              |     6 |       |       ||     6
       Leather armour    |    14 |       |       ||    14
       Chain mail        |    54 |   200 |   106 ||   360
Dodge: Dodged            |    73 |   166 |   113 ||   352
